 Dungeon Crawl Stone Soup version 0.24-a0-217-g1152973 (webtiles) character file.

Game seed: 18412760263076485922

211 Goblin1989 the Conjurer (level 5, 0/35 HPs)
             Began as a Demonspawn Conjurer on Mar 29, 2019.
             Was an Initiate of Vehumet.
             Slain by a jackal (2 damage)
             ... on level 3 of the Dungeon.
             The game lasted 00:11:59 (3954 turns).

Goblin1989 the Conjurer (Demonspawn Conjurer)       Turns: 3954, Time: 00:12:00

Health: 0/35       AC:  3    Str:  8    XL:     5   Next: 57%
Magic:  0/10       EV: 12    Int: 17    God:    Vehumet [......]
Gold:   78         SH:  0    Dex: 16    Spells: 5/11 levels left

rFire    . . .     SeeInvis .   r - +1 mace (drain)
rCold    . . .     Gourm    .   (no shield)
rNeg     . . .     Faith    .   q - +0 leather armour {rPois}
rPois    +         Spirit   .   (no helmet)
rElec    .         Reflect  .   (no cloak)
rCorr    .         Harm     +   (no gloves)
MR       .....                  (no boots)
Stlth    ++........             j - amulet of harm
HPRegen  0.11/turn              (no ring)
MPRegen  0.12/turn              (no ring)

@: very slightly contaminated
A: thin skeletal structure 1, powered by pain 1
a: Renounce Religion


You were on level 3 of the Dungeon.
You worshipped Vehumet.
Vehumet was noncommittal.
You were hungry.

You visited 2 branches of the dungeon, and saw 6 of its levels.

You collected 78 gold pieces.

Inventory:

Hand Weapons
 h - a +0 dagger
 r - a +1 mace of draining (weapon)
 z - a +0 hand crossbow
Missiles
 s - 4 needles of paralysis
 A - 43 bolts
 D - 5 javelins (quivered) {@Q2}
Armour
 a - a +0 robe
 q - a +0 leather armour of poison resistance (worn)
 C - a +0 buckler
Jewellery
 j - an amulet of harm (around neck)
Scrolls
 g - a scroll of fear {unknown}
 i - 2 scrolls of identify {unknown}
 m - a scroll of magic mapping {unknown}
 o - 2 scrolls of immolation {unknown}
 u - a scroll of enchant weapon {unknown}
 x - a scroll of fog {unknown}
 y - a scroll of enchant armour {unknown}
 E - a scroll of teleportation {unknown}
 F - a scroll of remove curse {unknown}
Potions
 l - a potion of curing {unknown}
 p - 2 potions of flight {unknown}
 v - a potion of lignification {unknown}
 w - a potion of heal wounds {unknown}
Comestibles
 e - 4 rations


   Skills:
 - Level 1.7 Dodging
 - Level 1.7 Stealth
 + Level 3.9 Spellcasting
 + Level 5.7 Conjurations


You had 5 spell levels left.
You knew the following spells:

 Your Spells              Type           Power        Failure   Level  Hunger
a - Magic Dart            Conj           ###.         2%          1    None
b - Searing Ray           Conj           ###...       3%          2    ##.....
q - Dazzling Spray        Conj/Hex       ##....       22%         3    ###....

Your spell library contained the following spells:

 Spells                   Type           Power        Failure   Level  Hunger
 Iskenderun's Mystic Bla  Conj           ###.....     22%         4    ####...
 Force Lance              Conj/Tloc      ##......     56%         4    ####...
 Fulminant Prism          Conj/Hex       ##........   56%         4    ####...


Dungeon Overview and Level Annotations

Branches:
Dungeon (5/15)             Temple (1/1) D:4

Altars:
Hepliaklqana
Makhleb
Qazlal
Trog
Uskayaw
Vehumet
Wu Jian
Xom
The Shining One

Annotations:
D:3 Grinder


Innate Abilities, Weirdness & Mutations

You have a somewhat thin skeletal structure. (Dex +2, Stealth)
You sometimes gain a little power by taking damage.


Message History

The magic dart hits the kobold.
The kobold is severely wounded.
Jessica grins evilly.
Jessica barely misses you. The kobold barely misses you.
The frilled lizard barely misses you. Jessica hits you with a +0 dagger.
You now have 4/10 mp.
Casting: Magic Dart (safe; 2% risk of failure)
Confirm with . or Enter, or press ? or * to list all spells.
Aiming: Magic Dart (safe; 2% risk of failure)
Press: ? - help, Shift-Dir - straight line, f/p - kobold
Aim: a kobold, wielding a +0 dagger (heavily wounded)
The magic dart hits the kobold.
The kobold is severely wounded.
The bat barely misses you. The bat completely misses you.
The kobold hits you but does no damage. Jessica hits you with a +0 dagger.
A kobold comes into view. It is wielding a +0 short sword.
The frilled lizard closely misses you.
You take 1 damage, and have 22/35 hp.
You now have 3/10 mp.
Casting: Magic Dart (safe; 2% risk of failure)
Confirm with . or Enter, or press ? or * to list all spells.
Aiming: Magic Dart (safe; 2% risk of failure)
Press: ? - help, Shift-Dir - straight line, f/p - kobold
Aim: a kobold, wielding a +0 dagger (heavily wounded)
The magic dart hits the kobold.
You kill the kobold!
Vehumet accepts your kill.
The kobold shouts!
The bat hits you but does no damage. Jessica hits you but does no damage.
The frilled lizard closely misses you. Jessica closely misses you.
You now have 2/10 mp.
Casting: Magic Dart (safe; 2% risk of failure)
Confirm with . or Enter, or press ? or * to list all spells.
Aiming: Magic Dart (safe; 2% risk of failure)
Press: ? - help, Shift-Dir - straight line, f - Jessica
Aim: Jessica, wielding a +0 dagger and wearing a +0 robe (fast)
The magic dart hits Jessica.
Jessica is moderately wounded.
The bat closely misses you. Jessica casts a spell at you.
Pain shoots through your body!
* * * LOW HITPOINT WARNING * * *
The frilled lizard barely misses you.
You take 10 damage, and have 12/35 hp.
MASSIVE DAMAGE!!
Unknown command.
Unknown command.
Casting: Magic Dart (safe; 2% risk of failure)
Confirm with . or Enter, or press ? or * to list all spells.
Aiming: Magic Dart (safe; 2% risk of failure)
Press: ? - help, Shift-Dir - straight line, f/p - Jessica
Aim: Jessica, wielding a +0 dagger and wearing a +0 robe (moderately wounded, fast)
The magic dart hits Jessica.
You kill Jessica!
Vehumet accepts your kill. The bat hits you but does no damage.
The frilled lizard bites you.
* * * LOW HITPOINT WARNING * * *
You take 1 damage, and have 11/35 hp.
You now have 1/10 mp.
Unknown command.
Casting: Magic Dart (safe; 2% risk of failure)
Confirm with . or Enter, or press ? or * to list all spells.
Aiming: Magic Dart (safe; 2% risk of failure)
Press: ? - help, Shift-Dir - straight line, f - jackal
Aim: a jackal The magic dart hits the jackal.
The jackal is severely wounded.
The jackal closely misses you. The bat hits you but does no damage.
The frilled lizard bites you but does no damage.
The bat closely misses you.
The jackal bites you but does no damage.
You now have 0/10 mp.
You closely miss the jackal.
The jackal is severely wounded.
The bat hits you.
* * * LOW HITPOINT WARNING * * *
The jackal bites you.
* * * LOW HITPOINT WARNING * * *
The frilled lizard barely misses you. The jackal barely misses you.
You take 2 damage, and have 9/35 hp.
You closely miss the jackal.
The jackal is severely wounded.
The bat closely misses you.
The jackal bites you but does no damage.
The frilled lizard bites you.
* * * LOW HITPOINT WARNING * * *
The jackal bites you.
* * * LOW HITPOINT WARNING * * *
You take 4 damage, and have 5/35 hp.
You miss the jackal.
The jackal is severely wounded.
The bat barely misses you.
Grinder blinks!
The frilled lizard closely misses you. The jackal completely misses you.
The frilled lizard closely misses you. The jackal closely misses you.
Unknown command.
You barely miss the jackal.
The jackal is severely wounded.
The bat hits you but does no damage. The jackal bites you.
* * * LOW HITPOINT WARNING * * *
The frilled lizard bites you.
* * * LOW HITPOINT WARNING * * *
The jackal bites you.
You die... █..█.██..█.. ...... ██..██÷..██. ...... ∆.██..█..█. ......█ █████████████

..█.... ....... .
....... ....... █
.)..§.. ....... ██
....≈.)███ .......
..
§≈≈≈≈..@h██.......
..
§§§§≈..█lhK§......
..
§>§≈§§≈████.......
.. §8§≈≈bS $....g!
.. §≈§≈... █......
.. §≈≈≈... ..h...
.. ≈...... .█....
.. ......? .....
██ l ...


You could see an adder, 2 jackals, a bat, a kobold and a frilled lizard.

Vanquished Creatures
  A centaur zombie (D:5)
  Jessica (D:3)
  Natasha (twice) (D:2)
  A hound skeleton (D:4)
  3 adders
  An ooze (D:3)
  A worm (D:2)
  2 leopard geckos (D:3)
  5 giant cockroaches
  4 goblins
  6 hobgoblins
  5 jackals
  A quokka (D:2)
  A ball python (D:2)
  7 bats
  3 frilled lizards
  10 kobolds
  7 rats
61 creatures vanquished.

Notes
Turn   | Place    | Note
-------+----------+-------------------------------------------
     0 | D:1      | Goblin1989 the Demonspawn Conjurer began the quest for the
                  | Orb.
     0 | D:1      | Reached XP level 1. HP: 13/13 MP: 3/3
   444 | D:1      | Gained mutation: You sometimes gain a little power by
                  | taking damage. [demonic ancestry]
   444 | D:1      | Reached XP level 2. HP: 19/19 MP: 0/5
  1102 | D:1      | Upgraded the game from 0.24-a0-205-g1d96822 to
                  | 0.24-a0-217-g1152973
  1479 | D:1      | Learned a level 2 spell: Searing Ray
  1561 | D:2      | Reached XP level 3. HP: 24/24 MP: 0/6
  2376 | D:2      | Learned a level 3 spell: Dazzling Spray
  2807 | D:3      | Noticed Jessica
  2807 | D:3      | Noticed Grinder
  2864 | D:3      | Noticed Natasha
  2886 | D:2      | Reached skill level 5 in Conjurations
  2959 | D:2      | Killed Natasha
  2959 | D:2      | Gained mutation: You have a somewhat thin skeletal
                  | structure. (Dex +2, Stealth) [demonic ancestry]
  2959 | D:2      | Reached XP level 4. HP: 6/30 MP: 4/8
  3102 | D:2      | Noticed Natasha
  3107 | D:2      | Killed Natasha
  3409 | D:3      | You fall through a shaft for 2 floors!
  3409 | D:5      | Entered Level 5 of the Dungeon
  3453 | D:5      | Reached XP level 5. HP: 20/35 MP: 0/10
  3720 | D:4      | Found a staircase to the Ecumenical Temple.
  3732 | Temple   | Entered the Ecumenical Temple
  3832 | Temple   | Became a worshipper of Vehumet
  3923 | D:4      | Noticed an ogre
  3935 | D:3      | Found a stormy altar of Qazlal.
  3938 | D:3      | Paralysed by Grinder for 5 turns
  3949 | D:3      | Killed Jessica
  3954 | D:3      | Slain by a jackal

Levels and vault maps discovered:
D:1:      minmay_arrival_loop, layout_basic, serial_corexii_hall,
          corexii_hall_statues_i, corexii_hall_statues_i
D:2:      layout_loops_ring
D:3:      minmay_razor_zed, layout_rooms, first_ration, kennysheep_minor_cross,
          minivault_25, nicolae_qazlal_general_emergency, uniq_jessica,
          uniq_ijyb, uniq_grinder, uniq_natasha
D:4:      layout_gridville, minmay_temple_entry_drinking_statues
D:5:      layout_loops_cross
Temple:   jpeg_temple_island

Skill      XL: |  1  2  3 |
---------------+----------+-----
Spellcasting   | 3 |  3.9
Conjurations   | 5 |  5.7
Dodging        | |  1.7
Stealth        | |  1.7

Action                   |  1- 3 |  4- 6 || total
-------------------------+-------+-------++-------
Melee: Dagger            |    14 |     3 ||    17
       Mace              |       |     4 ||     4
 Cast: Magic Dart        |    97 |    47 ||   144
       Searing Ray       |     2 |       ||     2
  Eat: Chunk             |     6 |       ||     6
       Ration            |       |     1 ||     1
Armor: Robe              |     4 |     1 ||     5
       Leather armour    |       |    12 ||    12
Dodge: Dodged            |    28 |    31 ||    59

Table legend:
 A = Non-vault XP
 B = Vault XP
 C = Vault XP percentage of total XP
 D = Non-vault monster count
 E = Vault monster count
 F = Vault count percentage of total count
                 A         B        C        D         E       F
            +---------+---------+-------+---------+---------+-------
      Total |     223 |      79 |  26.2 |      55 |       6 |   9.8
            +---------+---------+-------+---------+---------+-------
        D:1 |      28 |       0 |   0.0 |      19 |       0 |   0.0
        D:2 |      99 |      36 |  26.7 |      24 |       1 |   4.0
        D:3 |      32 |      43 |  57.3 |       8 |       5 |  38.5
        D:4 |      18 |       0 |   0.0 |       1 |       0 |   0.0
        D:5 |      46 |       0 |   0.0 |       3 |       0 |   0.0
            +---------+---------+-------+---------+---------+-------

Levels and vault maps discovered:
D:1:      minmay_arrival_loop, layout_basic, serial_corexii_hall,
          corexii_hall_statues_i, corexii_hall_statues_i
D:2:      layout_loops_ring
D:3:      minmay_razor_zed, layout_rooms, first_ration, kennysheep_minor_cross,
          minivault_25, nicolae_qazlal_general_emergency, uniq_jessica,
          uniq_ijyb, uniq_grinder, uniq_natasha
D:4:      layout_gridville, minmay_temple_entry_drinking_statues
D:5:      layout_loops_cross
Temple:   jpeg_temple_island
